 Dungeon Crawl Stone Soup version 0.24-a0-167-g029c7ce0ac (webtiles) character file.

Game seed: 4071791154595951235

296 Roikka the Chopper (level 6, 0/53 HPs)
             Began as a Minotaur Gladiator on Mar 7, 2019.
             Killed by nerve-wracking pain
             ... invoked by an orc priest
              (7 damage)
             ... on level 3 of the Dungeon.
             The game lasted 00:05:00 (1829 turns).

Roikka the Chopper (Minotaur Gladiator)             Turns: 1829, Time: 00:05:02

Health: 0/53       AC:  9    Str: 20    XL:     6   Next: 12%
Magic:  5/5        EV: 12    Int:  5    God:
Gold:   168        SH:  5    Dex: 12    Spells: 5/5 levels left

rFire    . . .     SeeInvis .   a - +0 war axe
rCold    . . .     Gourm    .   (no shield)
rNeg     . . .     Faith    .   l - +0 ring mail
rPois    .         Spirit   .   c - +0 hat
rElec    .         Reflect  +   k - +0 cloak
rCorr    .         Harm     .   (no gloves)
MR       .....                  m - +2 pair of boots
Stlth    +.........             j - +5 amulet of reflection
HPRegen  0.17/turn              (no ring)
MPRegen  0.09/turn              (no ring)

@: no status effects
A: retaliatory headbutt, horns 2
a: no special abilities


You were on level 3 of the Dungeon.
You were not hungry.

You visited 1 branch of the dungeon, and saw 3 of its levels.

You collected 168 gold pieces.

Inventory:

Hand Weapons
 a - a +0 war axe (weapon)
Missiles
 d - 3 throwing nets (quivered)
Armour
 c - a +0 hat (worn)
 k - a +0 cloak (worn)
 l - a +0 ring mail (worn)
 m - a +2 pair of boots (worn)
Jewellery
 j - a +5 amulet of reflection (around neck)
Wands
 o - a wand of iceblast (7)
Scrolls
 b - a scroll of identify
 h - 2 scrolls of teleportation
Potions
 e - a potion of might
 g - a potion of magic
 i - a potion of mutation {unknown}
 p - a potion of agility {unknown}
Comestibles
 f - 7 rations
 n - 4 chunks of flesh


   Skills:
 + Level 4.3 Fighting
 * Level 6.0 Axes
 - Level 2.0 Throwing
 + Level 2.8 Armour
 - Level 4.2 Dodging


You had 5 spell levels left.
You didn't know any spells.
Your spell library was empty.

Dungeon Overview and Level Annotations

Branches:
Dungeon (3/15)

Altars:


Innate Abilities, Weirdness & Mutations

You reflexively headbutt those who attack you in melee.
You have a pair of horns on your head.


Message History

* * * LOW HITPOINT WARNING * * *
You hear a shout!
You closely miss the orc priest. Your headbutt misses the orc priest.
The orc priest is almost dead.
The orc priest misses you.
An orc comes into view. It is wielding a +0 short sword.
You block the orc priest's attack.
You completely miss the orc priest. Your headbutt misses the orc priest.
The orc priest is almost dead.
The orc priest hits you but does no damage.
You barely miss the orc priest. You headbutt the orc priest.
The orc priest is almost dead.
The orc priest hits you but does no damage.
You barely miss the orc priest.
The orc priest is almost dead.
You slash the orc!
You kill the orc!
The orc priest calls down the wrath of Beogh upon you.
Pain shoots through your body!
You die...

###.#.#######
.............
##.#.#.#.###
##########.#.#.#.###
................... #.
######.#.#.#...# #
#.####.............
.###.#.).........#.#...#
......o@.........#.#...#
......).....##.#.#.#...#
#.####.........#........
#..##.##..........#
.................>..#
......................
####..##.##....#.##.##
....... ..#.#. #.## ##.
#.. .#.#.##.##


You could see an orc priest.

Vanquished Creatures
  A phantom (D:2)
  An orc wizard (D:3)
  8 adders
  An ooze (D:1)
  3 worms (D:2)
  5 dart slugs
  4 orcs (D:3)
  2 ball pythons (D:2)
  6 bats
  4 giant cockroaches
  5 goblins
  5 hobgoblins
  17 jackals
  5 kobolds
  2 quokkas (D:2)
  4 frilled lizards
  6 rats
79 creatures vanquished.

Notes
Turn   | Place    | Note
-------+----------+-------------------------------------------
     0 | D:1      | Roikka the Minotaur Gladiator began the quest for the Orb.
     0 | D:1      | Reached XP level 1. HP: 18/18 MP: 0/0
    16 | D:1      | Noticed a minotaur skeleton
    55 | D:1      | Reached XP level 2. HP: 25/25 MP: 1/1
    89 | D:1      | Reached skill level 4 in Axes
   379 | D:1      | Reached XP level 3. HP: 31/31 MP: 2/2
   717 | D:2      | Reached skill level 1 in Armour
   775 | D:2      | Noticed a phantom
   802 | D:2      | Killed a phantom
   802 | D:2      | Reached skill level 5 in Axes
   802 | D:2      | Reached XP level 4. HP: 40/40 MP: 3/3
   802 | D:2      | Reached XP level 5. HP: 46/46 MP: 4/4
  1818 | D:3      | Reached skill level 6 in Axes
  1818 | D:3      | Reached XP level 6. HP: 48/53 MP: 5/5
  1829 | D:3      | Killed from afar by an orc priest

Levels and vault maps discovered:
D:1:      shiori_arrival_whats_in_store_for_you, layout_basic
D:2:      layout_basic, first_ration, minmay_heptomino_o4
D:3:      layout_basic, lemuel_zombie_altar_kikubaaqudgha, minmay_quantized

Skill      XL: |  1  2  3  4  5 |
---------------+----------------+-----
Axes           | 4 5 6 |  6.0
Fighting       | 3 4 |  4.3
Armour         | 1 2 |  2.8
Dodging        | 4 |  4.2
Throwing       | |  2.0

Action                   |  1- 3 |  4- 6 || total
-------------------------+-------+-------++-------
Melee: War axe           |    89 |    89 ||   178
       Headbutt          |    12 |     8 ||    20
  Use: Scroll            |       |     4 ||     4
  Eat: Chunk             |       |     3 ||     3
Armor: Leather armour    |    16 |       ||    16
       Ring mail         |    14 |    42 ||    56
Dodge: Dodged            |    58 |    74 ||   132
Block: Other             |     6 |    33 ||    39
       Reflection        |     1 |     2 ||     3

Table legend:
 A = Non-vault XP
 B = Vault XP
 C = Vault XP percentage of total XP
 D = Non-vault monster count
 E = Vault monster count
 F = Vault count percentage of total count
                 A         B        C        D         E       F
            +---------+---------+-------+---------+---------+-------
      Total |     295 |     128 |  30.3 |      76 |       3 |   3.8
            +---------+---------+-------+---------+---------+-------
        D:1 |      56 |       0 |   0.0 |      26 |       0 |   0.0
        D:2 |      93 |     128 |  57.9 |      26 |       3 |  10.3
        D:3 |     146 |       0 |   0.0 |      24 |       0 |   0.0
            +---------+---------+-------+---------+---------+-------
